 Dungeon Crawl Stone Soup version 0.27-a0-448-gace5c5693b (webtiles) character file.

Game seed: 17934343600798895114

8656 Anon1729 the Cleaver (level 11, -4/99 HPs)
             Began as a Ghoul Fighter on Feb 28, 2021.
             Killed by divine providence
             ... invoked by an orc priest
              (16 damage)
             ... on level 10 of the Dungeon.
             The game lasted 00:14:02 (10707 turns).

Anon1729 the Cleaver (Ghoul Fighter)               Turns: 10707, Time: 00:14:02

Health: -4/99      AC: 17    Str: 29    XL:     11   Next: 34%
Magic:  10/10      EV:  5    Int:  4    God:
Gold:   641        SH: 15    Dex:  8    Spells: 10/10 levels left

rFire    . . .     SeeInvis +   a - +0 war axe
rCold    + . .     Faith    .   c - +0 kite shield
rNeg     + + +     Spirit   .   F - +0 plate armour
rPois    ∞         Reflect  +   w - +1 helmet {SInv}
rElec    .         Harm     .   L - scarf {repulsion}
rCorr    .         Rampage  .   (no gloves)
Will     .....                  u - +0 pair of boots
Stlth    ..........             J - amulet of reflection
HPRegen  0.00/turn              O - +6 ring of strength
MPRegen  0.12/turn              (no ring)

@: repel missiles
A: claws 1, cold resistance 1, negative energy resistance 3, inhibited
regeneration, torment resistance, unbreathing
a: no special abilities


You were on level 10 of the Dungeon.
You visited 2 branches of the dungeon, and saw 11 of its levels.
You also visited: Sewer and Ossuary.

You collected 641 gold pieces.

Inventory:

Hand Weapons
 a - a +0 war axe (weapon)
 G - a +0 battleaxe
Armour
 b - a +0 scale mail
 c - a +0 kite shield (worn)
 f - a +2 helmet
 u - a +0 pair of boots (worn)
 v - a +0 cloak
 w - a +1 helmet of see invisible (worn)
 F - a +0 plate armour (worn)
 L - a scarf of repulsion (worn)
Jewellery
 E - an amulet of regeneration
 J - an amulet of reflection (around neck)
 K - an amulet of faith
 O - a +6 ring of strength (left claw)
Wands
 s - a wand of flame (11)
 t - a wand of digging (17)
 y - a wand of random effects (33)
 I - a wand of acid (6)
 N - a wand of paralysis (9)
Scrolls
 e - 9 scrolls of identify
 h - 2 scrolls of enchant weapon
 j - 3 scrolls of enchant armour
 k - a scroll of fear
 l - 3 scrolls of amnesia
 m - 4 scrolls of magic mapping
 n - 5 scrolls of teleportation
 q - 3 scrolls of immolation
 A - a scroll of random uselessness {unknown}
 B - 5 scrolls of fog {unknown}
 M - a scroll of blinking {unknown}
Potions
 d - 3 potions of might
 g - 3 potions of lignification {unknown}
 i - 2 potions of degeneration {unknown}
 o - 7 potions of heal wounds {unknown}
 p - 3 potions of haste {unknown}
 r - 2 potions of mutation {unknown}
 x - 4 potions of flight {unknown}
 z - 6 potions of curing
 C - 2 potions of resistance {unknown}
 D - 3 potions of berserk rage {unknown}
 H - a potion of attraction {unknown}


   Skills:
 + Level 10.0 Fighting
 * Level 11.1 Axes
 + Level 8.3 Armour
 - Level 4.0 Shields


You had 10 spell levels left.
You didn't know any spells.
Your spell library contained the following spells:

 Spells                   Type           Power        Failure   Level
 Magic Dart               Conj           0%           100%        1
 Blink                    Tloc           N/A          100%        2
 Call Imp                 Summ           0%           100%        2
 Slow                     Hex            0%           100%        2
 Confusing Touch          Hex            0%           100%        3
 Conjure Flame            Conj/Fire      0%           100%        3
 Gell's Gravitas          Tloc           0%           100%        3
 Mephitic Cloud           Conj/Pois/Air  0%           100%        3
 Petrify                  Tmut/Erth      0%           100%        4
 Metabolic Englaciation   Hex/Ice        0%           100%        5
 Yara's Violent Unravell  Hex/Tmut       0%           100%        5


Dungeon Overview and Level Annotations

Branches:
Dungeon (10/15)            Temple (1/1) D:5             Orc (0/2) D:9
  Sewer (visited)         Ossuary (visited)
   Lair: D:8-11

Altars:
Ashenzari
Cheibriados
Dithmenos
Elyvilon
Fedhas
Gozag
Hepliaklqana
Kikubaaqudgha
Nemelex Xobeh
Okawaru
Qazlal
Ru
Trog
Uskayaw
Vehumet
Wu Jian
Yredelemnul
Zin
The Shining One

Annotations:
D:5 3 runed translucent doors, HoaS's ghost, novice DgGl


Innate Abilities, Weirdness & Mutations

You thrive by killing the living.
You are immune to poison.
You have sharp fingernails.
Your flesh is cold resistant. (rC+)
You are immune to negative energy. (rN+++)
You do not regenerate when monsters are visible.
You are immune to unholy pain and torment.
You can survive without breathing.


Message History

The cyclops shouts!
The ogre mage shouts!
The orc priest miscasts a cantrip.
Items here: )) [ ††.
You completely miss the orc priest. You block the orc priest's attack.
You closely miss the orc priest.
The orc priest looks satisfied for a moment.
The cyclops throws a large rock.
The large rock hits you!!! You block the orc priest's attack.
You closely miss the orc priest. The orc priest barely misses you.
Your plate armour prevents you from hitting the orc priest.
You block the orc priest's attack.
The cyclops throws a large rock.
The large rock barely misses you.
You barely miss the ogre mage. You hit the orc priest.
The orc priest looks satisfied for a moment.
The ogre mage hits you but does no damage.
The cyclops throws a large rock.
The large rock hits you!!
* * * LOW HITPOINT WARNING * * *
You are too injured to fight recklessly!
You are too injured to fight recklessly!
You are too injured to fight recklessly!
You are too injured to fight recklessly!
You are too injured to fight recklessly!
You are too injured to fight recklessly!
You are too injured to fight recklessly!
You are too injured to fight recklessly!
You are too injured to fight recklessly!
You are too injured to fight recklessly!
You are too injured to fight recklessly!
You are too injured to fight recklessly!
You are too injured to fight recklessly!
You are too injured to fight recklessly!
You are too injured to fight recklessly!
Unknown command.
The orc priest looks encouraged for a moment.
The orc priest mumbles some strange prayers to Beogh against you.
Beogh smites you!
* * * LOW HITPOINT WARNING * * *
The orc priest invokes the aid of Beogh against you.
Beogh smites you!
You die...

.... .............>......... #...
######.##.#.#####.#... #.C.
#[##.#.# #..... #...
#.##.#.#####..#.. ###...##
#.##.#........... .......#######
#[##.#######.....
.....O.#.o...####.#...# ##.#.#
......)#.#.#...##.#...# #.#.#
#######O.#.#.O..@.#...#######.#.#
#.##.##.###.#...........#<#
#..#...#..##.#...###########
#.##.#.##.##................ ..
.. ..#..################# #.# .#
#.##.## # .[ .. ..#..# # #.#
#.##.## ..#..##


You could see an ogre mage and an orc priest.

Vanquished Creatures
  A centaur warrior (D:10)
  An ogre mage (D:10)
  A two-headed ogre (D:9)
  Pikel (D:4)
  2 efreet (D:10)
  A troll (D:10)
  Sigmund (D:5)
  A wyvern (D:10)
  Eustachio (D:6)
  A wraith (Ossuary)
  A water moccasin (D:8)
  3 ice beasts (D:7)
  4 orc warriors
  2 sky beasts (D:8)
  5 ogres
  4 centaurs
  Blork the orc (D:4)
  A kobold brigand (Sewer)
  5 bullfrogs
  2 scorpions
  4 killer bees (D:10)
  3 bullfrog zombies
  Crazy Yiuf (D:2)
  2 centaur skeletons
  8 hounds
  A jelly (D:3)
  6 orc priests
  A bullfrog skeleton (D:10)
  4 iguanas
  12 orc wizards
  Natasha (thrice) (D:2)
  Ijyb (D:5)
  6 worker ants
  A killer bee zombie (D:8)
  A hound zombie (D:8)
  A mummy (Ossuary)
  A howler monkey skeleton (D:6)
  Robin (D:4)
  7 adders
  A river rat (Sewer)
  5 shadow imps
  4 white imps
  An ufetubus (D:8)
  2 oozes (D:1)
  An adder skeleton (D:4)
  4 dart slugs
  6 leopard geckos
  39 orcs
  4 ball pythons
  6 bats
  7 giant cockroaches
  15 goblins
  9 hobgoblins
  11 jackals
  7 kobolds
  4 quokkas
  2 frilled lizards (D:1)
  10 gnoll skeletons (Ossuary)
  A jackal skeleton (D:4)
  6 kobold skeletons (Ossuary)
  A leopard gecko skeleton (D:8)
  9 orc skeletons (Ossuary)
  13 rats
271 creatures vanquished.

Vanquished Creatures (others)
  Erica (D:9)
  3 fungi (D:2)
  4 toadstools (D:1)
8 creatures vanquished.

Grand Total: 279 creatures vanquished

Notes
Turn   | Place    | Note
-------+----------+-------------------------------------------
     0 | D:1      | Anon1729 the Ghoul Fighter began the quest for the Orb.
     0 | D:1      | Reached XP level 1. HP: 19/19 MP: 0/0
   124 | D:1      | Reached XP level 2. HP: 22/26 MP: 1/1
   277 | D:1      | Reached skill level 2 in Axes
   301 | D:1      | Reached XP level 3. HP: 25/31 MP: 2/2
   513 | D:1      | You fall into a shaft and drop 1 floor!
   519 | D:2      | Found a glowing golden altar of the Shining One.
   668 | D:2      | Noticed Natasha
   673 | D:2      | Killed Natasha
   674 | D:2      | Reached XP level 4. HP: 34/40 MP: 3/3
  1051 | D:2      | Noticed Natasha
  1059 | D:2      | Killed Natasha
  1334 | D:2      | Noticed Natasha
  1348 | D:2      | Killed Natasha
  1349 | D:2      | Reached skill level 3 in Axes
  1349 | D:2      | Reached XP level 5. HP: 25/46 MP: 4/4
  2115 | D:2      | Found a runed translucent door.
  2116 | D:2      | Noticed Crazy Yiuf
  2124 | D:2      | Killed Crazy Yiuf
  2201 | D:3      | Found a blossoming altar of Fedhas.
  2205 | D:3      | Found a glowing drain.
  2251 | Sewer    | Entered a sewer
  2305 | Sewer    | Noticed a kobold brigand
  2334 | Sewer    | Killed a kobold brigand
  2335 | Sewer    | Reached XP level 6. HP: 45/53 MP: 5/5
  2399 | Sewer    | Found a white marble altar of Elyvilon.
  2526 | D:3      | Reached skill level 4 in Axes
  3276 | D:4      | Noticed Blork the orc
  3284 | D:4      | Killed Blork the orc
  3285 | D:4      | Reached XP level 7. HP: 43/60 MP: 6/6
  3494 | D:4      | Found a sand-covered staircase.
  3511 | D:4      | Reached skill level 5 in Fighting
  3515 | Ossuary  | Entered an ossuary
  3515 | Ossuary  | Noticed a wraith
  3515 | Ossuary  | Noticed a wraith
  3515 | Ossuary  | Noticed a wraith
  3628 | Ossuary  | Noticed a wraith
  3652 | Ossuary  | Killed a wraith
  3885 | Ossuary  | Reached skill level 5 in Axes
  4274 | D:4      | Noticed Robin
  4289 | D:4      | Killed Robin
  4381 | D:4      | Reached XP level 8. HP: 69/69 MP: 7/7
  4577 | D:5      | Entered Level 5 of the Dungeon
  4591 | D:5      | Noticed Pikel
  4623 | D:4      | Killed Pikel
  4624 | D:4      | Reached skill level 6 in Axes
  4624 | D:4      | Reached skill level 5 in Armour
  4807 | D:5      | Noticed Sigmund
  4819 | D:5      | Killed Sigmund
  4820 | D:5      | Reached skill level 7 in Axes
  4820 | D:5      | Reached XP level 9. HP: 50/78 MP: 8/8
  4871 | D:5      | Found a runed translucent gate.
  4871 | D:5      | Found a runed translucent gate.
  4871 | D:5      | Found a runed translucent gate.
  4873 | D:5      | Noticed HoaS's ghost (novice DgGl)
  5116 | D:5      | Found a staircase to the Ecumenical Temple.
  5127 | Temple   | Entered the Ecumenical Temple
  5448 | D:5      | Found a snail-covered altar of Cheibriados.
  5448 | D:5      | Found a sparkling altar of Nemelex Xobeh.
  5453 | D:5      | Noticed Ijyb
  5461 | D:5      | Killed Ijyb
  6048 | D:6      | Noticed Eustachio
  6113 | D:6      | Killed Eustachio
  6114 | D:6      | Reached skill level 8 in Axes
  6381 | D:6      | Noticed a four-headed hydra
  6524 | D:7      | Found a broken altar of Ashenzari.
  6829 | D:7      | You fall into a shaft and drop 1 floor!
  6913 | D:8      | Reached XP level 10. HP: 88/88 MP: 9/9
  7011 | D:8      | Reached skill level 9 in Axes
  7479 | D:8      | Found a white marble altar of Elyvilon.
  7852 | D:9      | Found a shadowy altar of Dithmenos.
  7970 | D:9      | Found a sacrificial altar of Ru.
  7970 | D:9      | Found a stormy altar of Qazlal.
  8171 | D:9      | Noticed a two-headed ogre
  8180 | D:9      | Killed a two-headed ogre
  8327 | D:9      | Found a hide-covered altar of Uskayaw.
  8335 | D:9      | Noticed Erica
  8344 | D:9      | Killed Erica
  8345 | D:9      | Reached skill level 10 in Axes
  8500 | D:9      | Found a staircase to the Orcish Mines.
  9483 | D:10     | Entered Level 10 of the Dungeon
  9762 | D:10     | Noticed a centaur warrior
  9762 | D:10     | Noticed a cyclops
  9763 | D:10     | Noticed an ogre mage
  9763 | D:10     | Noticed an ogre mage
  9775 | D:10     | Reached XP level 11. HP: 92/97 MP: 10/10
  9781 | D:10     | Killed a centaur warrior
  9925 | D:10     | Killed an ogre mage
  9926 | D:10     | Reached skill level 11 in Axes
 10550 | D:10     | Reached skill level 10 in Fighting
 10707 | D:10     | Killed from afar by an orc priest

Illustrated notes

Levels and vault maps discovered:
D:1:      ldierk_walled_garden_2, layout_loops_ring, minmay_three_crescents
D:2:      layout_basic, lemuel_crystal_altar, uniq_natasha,
          uniq_crazy_yiuf_cottage
D:3:      layout_loops_ring, portal_sewer_entry_a, fedhas_ov_isle_minmay
D:4:      layout_basic, nicolae_ossuary_entry_monument, uniq_robin,
          uniq_blork_the_orc
D:5:      layout_gridville, chequers_temple_overflow_statue_of_worship,
          minmay_temple_entry_junction, gammafunk_ghost_split,
          minmay_misc_feat_diagonals, uniq_ijyb, uniq_sigmund, uniq_pikel
D:6:      layout_basic, tgw_xom, serial_glass, glass_columns_a, glass_columns_a,
          bloody_makhleb, uniq_eustachio
D:7:      layout_layer_cave, overflow_temple_1_default
D:8:      layout_cave_pools, kennysheep_mini, st_stairs_12
D:9:      layout_irregular_city, old_standard_altar,
          nicolae_overflow_hidden_temple, gammafunk_temple_overflow_wave,
          orc_0_dummy, uniq_erica
D:10:     minmay_the_grid_triangle_9x9_recursive_2
          [minmay_the_grid_triangle_9x9_prize_center,
          minmay_the_grid_triangle_9x9_impossible_snake,
          minmay_the_grid_triangle_9x9_fully_insulated_deathbox,
          minmay_the_grid_triangle_9x9_descending_squares], layout_basic,
          minmay_misc_feat_iff
Temple:   dpeg_chambers_temple

Skill      XL: |  1  2  3  4  5  6  7  8  9 10 11 |
---------------+----------------------------------+-----
Axes           | 2 3 4 5 7 8 10 11 | 11.1
Armour         | 3 4 5 6 7 8 |  8.3
Shields        | 3 4 |  4.0
Fighting       | 4 5 6 8 9 10 | 10.0

Action                   |  1- 3 |  4- 6 |  7- 9 | 10-12 || total
-------------------------+-------+-------+-------+-------++-------
Melee: War axe           |    68 |   176 |   487 |   346 ||  1077
Evoke: Wand              |       |       |       |     6 ||     6
  Use: Scroll            |       |       |     7 |       ||     7
       Potion            |       |       |       |     1 ||     1
 Stab: Paralysed         |       |       |       |     7 ||     7
Armor: Scale mail        |    57 |    91 |   149 |       ||   297
       Plate armour      |       |       |   249 |   203 ||   452
Dodge: Dodged            |    39 |    59 |   137 |    52 ||   287
Block: Kite shield       |    52 |    97 |   282 |   249 ||   680
       Reflection        |       |       |       |     3 ||     3

Table legend: (Time is in decaauts)
 A = Elapsed time spent in this place.
 B = Non-inter-level travel time spent in this place.
 C = Inter-level travel time spent in this place.
 D = Time resting spent in this place.
 E = Time spent auto-exploring this place.
 F = Levels seen in this place.
 G = Mean time per level.
                   A        B        C        D        E       F      G
               +--------+--------+--------+--------+--------+-----+--------+
         Total |  11167 |  10794 |    373 |    915 |   7477 |  13 |  859.0 |
       Dungeon |  10265 |   9917 |    348 |    915 |   6794 |  10 | 1026.5 |
        Temple |    227 |    203 |     24 |      0 |    203 |   1 |  227.0 |
         Sewer |    236 |    236 |      0 |      0 |    164 |   1 |  236.0 |
       Ossuary |    437 |    437 |      0 |      0 |    316 |   1 |  437.0 |
               +--------+--------+--------+--------+--------+-----+--------+

Top non-repeatable levels by time:
     D:9: 1576 daAuts
     D:2: 1187 daAuts
     D:1: 1084 daAuts
     D:7: 1064 daAuts
     D:4: 1059 daAuts
     D:5: 1014 daAuts
    D:10: 936 daAuts
     D:3: 923 daAuts
     D:8: 815 daAuts
     D:6: 603 daAuts
 Ossuary: 437 daAuts
   Sewer: 236 daAuts
  Temple: 227 daAuts
